 Dungeon Crawl Stone Soup version 0.24-a0-521-g122614bf49 (webtiles) character file.

Game seed: 5959592550054967031

117 Gargoyl the Skirmisher (level 4, 0/38 HPs)
             Began as a Centaur Abyssal Knight on July 28, 2019.
             Was a Believer of Lugonu.
             Succumbed to a scorpion's poison
             ... on level 3 of the Dungeon.
             The game lasted 00:03:43 (2769 turns).

Gargoyl the Skirmisher (Centaur Abyssal Knight)     Turns: 2769, Time: 00:03:44

Health: 0/38       AC:  7    Str: 14    XL:     4   Next: 71%
Magic:  6/6        EV:  7    Int: 11    God:    Lugonu [**....]
Gold:   62         SH:  0    Dex: 10    Spells: 3/3 levels left

rFire    + . .     SeeInvis .   a - +2 hand axe
rCold    + . .     Gourm    .   (no shield)
rNeg     . . .     Faith    .   h - +1 scale mail
rPois    +         Spirit   .   (no helmet)
rElec    +         Reflect  .   (no cloak)
rCorr    +         Harm     .   (no gloves)
MR       .....                  (no barding)
Stlth    ..........             (no amulet)
HPRegen  0.12/turn              (no ring)
MPRegen  0.10/turn              (no ring)

@: lethally poisoned (0 -> -6), resistant, very slightly contaminated, invisible
(expiring), very quick
A: large, hooves 3, deformed body, speed 2, tough skin 3
a: Depart the Abyss, Bend Space, Renounce Religion


You were on level 3 of the Dungeon.
You worshipped Lugonu.
Lugonu was pleased with you.
You were hungry.

You visited 1 branch of the dungeon, and saw 3 of its levels.
You visited the Abyss 1 time.

You collected 62 gold pieces.

Inventory:

Hand Weapons
 a - a +2 hand axe (weapon)
Missiles
 k - 5 javelins (quivered)
Armour
 h - a +1 scale mail (worn)
Scrolls
 f - 2 scrolls of identify
 g - a scroll of teleportation
 i - a scroll of enchant armour
Potions
 e - a potion of haste
Comestibles
 c - 5 rations


   Skills:
 + Level 3.4 Fighting
 + Level 2.3 Axes
 * Level 2.5 Armour
 * Level 1.4 Dodging
 * Level 2.8 Invocations


You had 3 spell levels left.
You didn't know any spells.
Your spell library was empty.

Dungeon Overview and Level Annotations

Branches:
Dungeon (3/15)

Altars:
Ashenzari
Okawaru
Ru
Wu Jian
Yredelemnul


Innate Abilities, Weirdness & Mutations

You have hooves in place of feet.
Armour fits poorly on your strangely shaped body.
You cover ground very quickly.
You have extremely tough skin. (AC +3)


Message History

* * * LOW HITPOINT WARNING * * *
You feel sick.
Unknown command.
Unknown command.
Items here: ))))) [[ †††††
* * * LOW HITPOINT WARNING * * *
You feel sick.
Unknown command.
* * * LOW HITPOINT WARNING * * *
You feel sick.
Unknown command.
* * * LOW HITPOINT WARNING * * *
You feel sick.
You flicker for a moment.
* * * LOW HITPOINT WARNING * * *
You feel sick.
Unknown command.
Unknown command.
Unknown command.
You die...

#.# #.... #.# ##....
#.#####...##
##.#.....### #....#####
#..### ## . #..# #.
....########.##########.
.......@.......)........
....#######..##########.
. ##.....†...# #.
oo.....†...# #.
##.....).....# ###.
##.#.....##..###...
#..(###........... #...#
####..##### ..... #....


There were no monsters in sight!

Vanquished Creatures
  A scorpion (D:3)
  2 oozes
  A worm (D:2)
  A dart slug (D:2)
  A leopard gecko (D:2)
  6 orcs (D:3)
  3 giant cockroaches (D:1)
  3 goblins
  2 hobgoblins (D:1)
  6 jackals
  A quokka (D:2)
  2 ball pythons
  8 bats
  4 frilled lizards (D:1)
  2 kobolds
  7 rats
  A bush (D:1)
51 creatures vanquished.

Notes
Turn   | Place    | Note
-------+----------+-------------------------------------------
     0 | Abyss:1  | Gargoyl the Centaur Abyssal Knight began the quest for the
                  | Orb.
     0 | Abyss:1  | Reached XP level 1. HP: 19/19 MP: 2/2
    84 | Abyss:1  | Found a corrupted altar of Lugonu.
   153 | Abyss:1  | Noticed a small abomination
   179 | Abyss:1  | Noticed an iron imp
   183 | Abyss:1  | Noticed a neqoxec
   194 | Abyss:1  | Noticed a rakshasa
   197 | D:1      | Escaped the Abyss
   456 | D:1      | Reached XP level 2. HP: 19/26 MP: 3/3
   467 | D:1      | Reached * piety under Lugonu
   939 | D:1      | Reached skill level 1 in Dodging
  1444 | D:1      | Reached XP level 3. HP: 31/31 MP: 4/4
  2076 | D:2      | Found a sacrificial altar of Ru.
  2436 | D:2      | Found an ornate altar of the Wu Jian Council.
  2460 | D:2      | Found a shattered altar of Ashenzari.
  2579 | D:2      | Found an iron altar of Okawaru.
  2581 | D:2      | Found a basalt altar of Yredelemnul.
  2735 | D:3      | Reached ** piety under Lugonu
  2737 | D:3      | Noticed a scorpion
  2748 | D:3      | Reached XP level 4. HP: 36/38 MP: 4/6
  2767 | D:3      | HP: 1/38 [poisoned by a scorpion]
  2769 | D:3      | Succumbed to a scorpion's poison

Levels and vault maps discovered:
D:1:      minmay_arrival_shattered_statue, layout_basic, serial_forest,
          infiniplex_forest_lined_3, infiniplex_forest_diagonal,
          infiniplex_forest_clump_small, infiniplex_forest_straight_4,
          infiniplex_forest_clump_large, infiniplex_forest_clump_double,
          infiniplex_forest_clump_curved
D:2:      layout_loops_ring, nicolae_ru_awakened_eye,
          nicolae_overflow_hidden_temple
D:3:      kennysheep_the_goblin_king, layout_rooms, dancing_weapons_uskayaw,
          chequers_ecumenical_altar_island

Skill      XL: |  1  2  3 |
---------------+----------+-----
Dodging        | 1 |  1.4
Axes           | 2 |  2.3
Armour         | 2 |  2.5
Fighting       | |  3.4
Invocations    | |  2.8

Action                   |  1- 3 |  4- 6 || total
-------------------------+-------+-------++-------
Melee: Hand axe          |   202 |    10 ||   212
       Kick              |    57 |     4 ||    61
Invok: Depart the Abyss  |     1 |       ||     1
  Use: Scroll            |     9 |       ||     9
       Potion            |       |     2 ||     2
 Stab: Invisible         |       |     3 ||     3
  Eat: Ration            |     1 |       ||     1
Armor: Leather armour    |    35 |       ||    35
       Scale mail        |    66 |     3 ||    69
Dodge: Dodged            |    89 |     4 ||    93

Table legend:
 A = Non-vault XP
 B = Vault XP
 C = Vault XP percentage of total XP
 D = Non-vault monster count
 E = Vault monster count
 F = Vault count percentage of total count
                 A         B        C        D         E       F
            +---------+---------+-------+---------+---------+-------
      Total |     168 |       0 |   0.0 |      50 |       0 |   0.0
            +---------+---------+-------+---------+---------+-------
        D:1 |      43 |       0 |   0.0 |      25 |       0 |   0.0
        D:2 |      27 |       0 |   0.0 |      13 |       0 |   0.0
        D:3 |      98 |       0 |   0.0 |      12 |       0 |   0.0
            +---------+---------+-------+---------+---------+-------
